 Dungeon Crawl Stone Soup version 0.25.0-9-g26727b657a (webtiles) character file.

Game seed: 1193282051216793331

27 Esekla the Magician (level 3, -3/26 HPs)
             Began as a Barachi Wizard on June 18, 2020.
             Killed from afar by an orc wizard (6 damage)
             ... with a puff of frost
             ... on level 3 of the Dungeon.
             The game lasted 00:05:29 (1015 turns).

Esekla the Magician (Barachi Wizard)                Turns: 1015, Time: 00:05:30

Health: -3/26      AC:  2    Str:  8    XL:     3   Next: 10%
Magic:  1/8        EV: 12    Int: 19    God:
Gold:   41         SH:  0    Dex: 10    Spells: 3/9 levels left

rFire    . . .     SeeInvis .   e - +1 short sword
rCold    . . .     Gourm    .   (no shield)
rNeg     . . .     Faith    .   a - +0 robe
rPois    .         Spirit   .   b - +0 hat
rElec    .         Reflect  .   (no cloak)
rCorr    .         Harm     .   (no gloves)
MR       .....                  (no boots)
Stlth    ++........             (no amulet)
HPRegen  0.08/turn              (no ring)
MPRegen  0.11/turn              (no ring)

@: can't hop, very slightly contaminated, slow
A: +LOS, swims, slowness 1, strong legs 1
a: Hop


You were on level 3 of the Dungeon.
You were hungry.

You visited 1 branch of the dungeon, and saw 3 of its levels.

You collected 41 gold pieces.

Inventory:

Hand Weapons
 e - a +1 short sword (weapon)
Armour
 a - a +0 robe (worn)
 b - a +0 hat (worn)
Scrolls
 f - a scroll of remove curse
Potions
 c - 2 potions of flight {unknown}
 g - a potion of magic {unknown}
Comestibles
 d - 2 rations


   Skills:
 * Level 1.1 Fighting
 * Level 2.8 Dodging
 - Level 1.7 Stealth
 + Level 3.7 Spellcasting
 * Level 1.5 Conjurations
   Level 1.2 Summonings
 + Level 1.1 Translocations


You had 3 spell levels left.
You knew the following spells:

 Your Spells              Type           Power        Failure   Level  Hunger
a - Magic Dart            Conj           #...         8%          1    None
b - Blink                 Tloc           N/A          14%         2    ##.....
c - Mephitic Cloud        Conj/Pois/Air  #.......     34%         3    ###....

Your spell library contained the following spells:

 Spells                   Type           Power        Failure   Level  Hunger
 Call Imp                 Summ           #.......     13%         2    ##.....
 Slow                     Hex            #.......     22%         2    ##.....
 Conjure Flame            Conj/Fire      #.......     30%         3    ###....


Dungeon Overview and Level Annotations

Branches:
Dungeon (3/15)

Altars:


Innate Abilities, Weirdness & Mutations

You can be seen from farther away. (+LOS)
You can swim through water.
You cover ground slowly.
You can hop short distances.


Message History

Press: ? - help, Shift-Dir - straight line, f/p - orc
Aim: an orc, wielding a +0 falchion and wearing a +0 ring mail (moderately wounded)
The magic dart hits the orc but does no damage.
The orc is moderately wounded.
The orc barely misses you.
You closely miss the orc.
The orc is moderately wounded.
Something completely misses you. Something hits you.
* * * LOW HITPOINT WARNING * * *
Something hits you.
* * * LOW HITPOINT WARNING * * *
You are feeling hungry.
Something hits you but does no damage. Something hits you.
* * * LOW HITPOINT WARNING * * *
You hear some strange, mumbled words.
A puff of frost appears from out of thin air!
The puff of frost hits you.
You die...

######.#.#..... #.#.#...#.# #
#...#.....#.# ## #.....#####.# ..
##..........# .#
####.#...######## .### #.......#
#...# ....
########.#.....####.#.#######....
................@.{o.............
...#####.#..#.......#######.#....
....# #.#..#.####### #.#####
....###...##... #######.#.o.
#...<.+... #...# #.......#.#
#...###... #.... .........).#
..... ##.. ...#.# ##.######..#
####.# #. ..###.# #..# .# . ).g#


You could see an orc.

Vanquished Creatures
  An adder (D:3)
  An ooze (D:3)
  2 leopard geckos
  An orc (D:3)
  A bat (D:1)
  2 goblins
  A quokka (D:3)
  A kobold (D:2)
  A rat (D:1)
11 creatures vanquished.

Notes
Turn   | Place    | Note
-------+----------+-------------------------------------------
     0 | D:1      | Esekla the Barachi Wizard began the quest for the Orb.
     0 | D:1      | Reached XP level 1. HP: 13/13 MP: 4/4
   547 | D:2      | Reached XP level 2. HP: 20/20 MP: 1/6
   564 | D:2      | HP: 1/20 [worm (6)]
   904 | D:3      | Reached skill level 1 in Fighting
   912 | D:3      | Learned a level 2 spell: Blink
   958 | D:3      | Reached XP level 3. HP: 10/26 MP: 1/8
   963 | D:3      | Learned a level 3 spell: Mephitic Cloud
  1015 | D:3      | Killed from afar by an orc wizard

Illustrated notes

Levels and vault maps discovered:
D:1:      dpeg_arrival_fog, layout_loops_ring, minmay_misc_feat_rugged,
          chequers_serial_rivers_micro_a, st_stairs_5
D:2:      layout_loops_corners, tso_altar
D:3:      layout_basic, portal_sewer_entry_e, gammafunk_ghost_smash,
          chequers_ecumenical_altar_twisty

Skill      XL: |  1  2 |
---------------+-------+-----
Fighting       | 1 |  1.1
Dodging        | |  2.8
Stealth        | |  1.7
Spellcasting   | |  3.7
Conjurations   | |  1.5
Summonings     | |  1.2
Translocations | |  1.1

Action                   || total
-------------------------++-------
Melee: Short sword       ||    22
       Dagger            ||     1
 Cast: Magic Dart        ||    28
 Abil: Hop               ||     1
  Use: Scroll            ||     3
 Stab: Sleeping          ||     1
Armor: Robe              ||     7
Dodge: Dodged            ||    22
